 Dungeon Crawl Stone Soup version 0.31.0-11-ge490571c62 (webtiles) character file.

Game seed: 5122149216775343465

11701 raph the Arsonist (level 11, 0/62 HPs)
             Began as a Deep Elf Fire Elementalist on Jan 27, 2024.
             Was an Elder of Sif Muna.
             Slain by a komodo dragon (22 damage)
             ... on level 1 of the Lair of Beasts.
             The game lasted 00:27:12 (16283 turns).

raph the Arsonist (Deep Elf Fire Elementalist)     Turns: 16283, Time: 00:27:13

Health: 0/62       AC: 14    Str:  5    XL:     11   Next: 52%
Magic:  0/25       EV: 16    Int: 25    God:    Sif Muna [****..]
Gold:   791        SH:  0    Dex: 21    Spells: 3/27 levels left

rFire   . . .        a - +4 dagger (venom)
rCold   . . .        (no shield)
rNeg    . . .        l - +0 steam dragon scales
rPois   .            E - +2 helmet
rElec   .            x - +0 cloak
rCorr   .            (no gloves)
SInv    .            F - +0 pair of boots
Will    +....        (no amulet)
Stlth   ++++         B - +6 ring of dexterity
HPRegen 0.30/turn    h - +4 ring of protection
MPRegen 0.19/turn

%: no passive effects
@: very slightly contaminated, studying Long Blades
A: no striking features
a: Renounce Religion, Channel Magic, Forget Spell, Divine Exegesis


You were on level 1 of the Lair of Beasts.
You worshipped Sif Muna.
Sif Muna was greatly pleased with you.
You visited 3 branches of the dungeon, and saw 12 of its levels.
You also visited: Sewer.

You collected 791 gold pieces.

Inventory:

Hand Weapons
 a - a +4 dagger of venom (weapon)
 p - a +4 dagger
 r - a +1 rapier of venom
 I - a +6 dagger
Missiles
 q - 8 curare-tipped darts
 w - 7 throwing nets
Armour
 l - +0 steam dragon scales (worn)
 x - a +0 cloak (worn)
 E - a +2 helmet (worn)
 F - a +0 pair of boots (worn)
Jewellery
 f - a ring of protection from cold
 h - a +4 ring of protection (right hand)
 k - a ring of protection from cold
 B - a +6 ring of dexterity (left hand)
 H - a ring of willpower
 L - a ring of see invisible
Wands
 m - a wand of flame (55)
 z - a wand of light (4)
 M - a wand of paralysis (3)
Scrolls
 c - a scroll of identify
 g - 3 scrolls of teleportation
 j - 2 scrolls of fog
 u - 3 scrolls of torment
 y - 3 scrolls of amnesia
 G - 3 scrolls of immolation
 K - a scroll of vulnerability
Potions
 b - 3 potions of magic
 d - 4 potions of might
 e - 5 potions of enlightenment
 i - 4 potions of haste
 n - a potion of attraction
 o - a potion of cancellation
 s - 3 potions of heal wounds
 t - 2 potions of mutation
 v - 2 potions of brilliance
 A - 3 potions of resistance
 C - 5 potions of curing
 D - 2 potions of berserk rage
Miscellaneous
 J - a box of beasts


   Skills:
 * Level 4.4 Fighting
 + Level 6.3 Dodging
 + Level 6.4 Stealth
 + Level 8.7 Spellcasting
 * Level 9.8 Conjurations
 - Level 2.9 Hexes
 + Level 4.6 Summonings
 * Level 10.5 Fire Magic
 + Level 2.6 Earth Magic
 * Level 6.1 Invocations


You had 3 spell levels left.
You knew the following spells:

 Your Spells              Type           Power      Damage    Failure   Level
a - Foxfire               Conj/Fire      100%       2x1d9     1%          1
b - Scorch                Fire           100%       2d9       1%          2
c - Inner Flame           Hex/Fire       44%        N/A       1%          3
d - Volatile Blastmotes   Fire/Tloc      74%        2d16      1%          3
e - Flame Wave            Conj/Fire      58%        2d14      1%          4
f - Call Imp              Summ           68%        N/A       1%          2
g - Starburst             Conj/Fire      29%        6d9       13%         6
h - Stone Arrow           Conj/Erth      84%        3d12      1%          3

Your spell library contained the following spells:

 Spells                   Type           Power      Damage    Failure   Level
 Jinxbite                 Hex            50%        N/A       2%          2
 Apportation              Tloc           20%        N/A       5%          1
 Cigotuvi's Dreadful Rot  Necr/Alch/Air  20%        N/A       9%          2
 Sublimation of Blood     Necr           10%        N/A       9%          2
 Animate Armour           Summ/Erth      58%        N/A       12%         4
 Martyr's Knell           Necr/Summ      22%        N/A       22%         4
 Dispel Undead            Necr           10%        3d9       50%         4
 Passage of Golubria      Tloc           10%        N/A       50%         4
 Silence                  Hex/Air        9%         N/A       65%         5
 Plasma Beam              Fire/Air       18%        2x1d30    69%         6
 Alistair's Intoxication  Alch           6%         N/A       83%         5
 Death Channel            Necr           5%         N/A       100%        6
 Sculpt Simulacrum        Ice/Alch       5%         N/A       100%        6
 Ozocubu's Refrigeration  Ice            5%         4d8       100%        7
 Summon Hydra             Summ           17%        N/A       100%        7
 Lehudib's Crystal Spear  Conj/Erth      21%        10d6      100%        8
 Polar Vortex             Ice            5%         N/A       100%        9


Dungeon Overview and Level Annotations

Branches:
Dungeon (10/15)            Temple (1/1) D:4            Lair (1/5) D:10
  Sewer (visited)
    Orc: D:9-12

Altars:
Ashenzari
Cheibriados
Dithmenos
Elyvilon
Fedhas
Gozag
Hepliaklqana
Kikubaaqudgha
Makhleb
Nemelex Xobeh
Okawaru
Qazlal
Ru
Sif Muna
Trog
Uskayaw
Vehumet
Wu Jian
Xom
Yredelemnul
Zin
The Shining One

Shops:
D:6 *


Message History

The flame wave engulfs the bullfrog!!
You kill the bullfrog!
Sif Muna accepts your kill.
The flame wave engulfs the yak.
The yak is lightly wounded.
The flame wave engulfs the yak!
The yak is moderately wounded.
The komodo dragon closely misses you.
A yak comes into view.
The yak misses you.
A wave of flame ripples out!
The flame wave engulfs the komodo dragon.
The komodo dragon is severely wounded.
The flame wave engulfs the yak!
The yak is severely wounded.
The flame wave engulfs the yak!
The yak is moderately wounded.
You finish channelling waves of flame.
You hear a bellow! x2
The komodo dragon bites you!!
A yak comes into view. x2
The yak completely misses you. The yak barely misses you.
Casting: Flame Wave (dangerous; 1% risk of failure)
Confirm with . or Enter, or press ? or * to list all spells.
Casting: Flame Wave (dangerous; 1% risk of failure)
Press: ? - help, Dir - look around, f - activate A wave of flame ripples out!
The flame wave engulfs the komodo dragon!
The komodo dragon is almost dead.
The flame wave engulfs the yak!
The yak is severely wounded.
The flame wave engulfs the yak!
The yak is heavily wounded. (Press . to intensify the flame waves.)
The komodo dragon bites you!
A basilisk comes into view.
The yak gores you. The yak barely misses you.
Without enough magic to sustain them, the waves of flame dissipate.
The komodo dragon bites you!!
You die...

.........#
........l..
.......Y.Y#
........Y.#
..........#
..........#
..........#
.......lYY#
...^....@.#
..........#
..........##
...........#
..........###...
..........###..#
...........#...#
...[......###..#
..........##..#


You could see a komodo dragon, 5 yaks and a basilisk.

Vanquished Creatures
  A black mamba (Lair:1)
  A komodo dragon (Lair:1)
  An unseen horror (D:6)
  4 trolls
  Grinder (D:3)
  10 yaks
  A wraith (D:6)
  A wyvern (D:10)
  Grum (D:10)
  4 steam dragons
  2 basilisks (Lair:1)
  Menkaure (D:6)
  Edmund (D:6)
  An acid dragon (D:9)
  Duvessa (D:6)
  2 water moccasins
  2 ice beasts
  A sky beast (D:7)
  2 black bears
  4 orc warriors
  3 ogres
  6 wolves
  A crocodile (Sewer)
  4 centaurs
  4 phantoms
  3 bullfrogs
  4 gnoll sergeants
  A kobold brigand (D:5)
  11 wights
  Dowan (D:6)
  3 killer bees (D:7)
  7 howler monkeys
  8 crimson imps (D:10)
  11 orc priests
  A bombardier beetle (D:6)
  A jelly (D:7)
  2 gnoll boudas (D:8)
  14 hounds
  7 iguanas
  A sleepcap (D:8)
  Jessica (D:2)
  12 orc wizards
  6 mutant beasts
  33 gnolls
  6 adders
  2 river rats (D:5)
  3 shadow imps
  A white imp (D:10)
  2 ribbon worms
  A dart slug (D:2)
  37 orcs
  5 bats
  7 endoplasms
  6 giant cockroaches
  A goblin (D:2)
  7 hobgoblins
  16 jackals
  9 kobolds
  2 quokkas
  4 ball pythons
  2 frilled lizards (D:2)
  A rat (D:5)
299 creatures vanquished.

Vanquished Creatures (collateral kills)
  An orc (D:10)
1 creature vanquished.

Vanquished Creatures (others)
  748 foxfires
748 creatures vanquished.

Grand Total: 1048 creatures vanquished

Notes
Turn   | Place    | Note
-------+----------+-------------------------------------------
     0 | D:1      | raph the Deep Elf Fire Elementalist began the quest for the
                  | Orb.
     0 | D:1      | Reached XP level 1. HP: 10/10 MP: 6/6
   672 | D:1      | Reached XP level 2. HP: 15/15 MP: 5/8
   675 | D:1      | Learned a level 2 spell: Scorch
   808 | D:2      | Noticed Jessica
   816 | D:2      | Killed Jessica
   817 | D:2      | Reached XP level 3. HP: 6/19 MP: 4/9
   902 | D:2      | Found a hide-covered altar of Uskayaw.
   940 | D:2      | Reached skill level 4 in Fire Magic
  1002 | D:2      | Learned a level 3 spell: Inner Flame
  1016 | D:2      | Learned a level 3 spell: Volatile Blastmotes
  1402 | D:2      | Reached XP level 4. HP: 24/24 MP: 2/11
  2365 | D:3      | Identified the +8 sling "Wihin" {heavy, rPois}
  2368 | D:3      | Noticed Grinder
  2765 | D:3      | Killed Grinder
  2766 | D:3      | Reached skill level 5 in Fire Magic
  2766 | D:3      | Reached XP level 5. HP: 28/28 MP: 4/14
  2766 | D:3      | Reached XP level 6. HP: 32/32 MP: 4/15
  2879 | D:3      | Learned a level 4 spell: Flame Wave
  3836 | D:4      | Found a staircase to the Ecumenical Temple.
  3842 | Temple   | Entered the Ecumenical Temple
  3851 | Temple   | Became a worshipper of Sif Muna the Loreminder
  3868 | D:4      | Reached skill level 5 in Spellcasting
  4147 | D:4      | Reached skill level 5 in Conjurations
  4147 | D:4      | Reached skill level 6 in Fire Magic
  4462 | D:4      | Found a hide-covered altar of Uskayaw.
  4466 | D:4      | Found an opulent altar of Gozag.
  4471 | D:4      | Found a stormy altar of Qazlal.
  4499 | D:5      | Entered Level 5 of the Dungeon
  4510 | D:5      | Reached XP level 7. HP: 36/36 MP: 11/16
  4978 | D:5      | Found a glowing drain.
  4986 | D:5      | Reached * piety under Sif Muna
  5108 | Sewer    | Entered a sewer
  5207 | Sewer    | Reached skill level 7 in Fire Magic
  5523 | D:5      | Reached XP level 8. HP: 41/41 MP: 8/19
  5959 | D:6      | Noticed Edmund
  5961 | D:6      | Noticed Duvessa
  5970 | D:6      | Noticed Dowan
  6154 | D:6      | Noticed Menkaure
  6162 | D:6      | Killed Menkaure
  6331 | D:6      | Found Diduunlesij's Gadget Gallery.
  6336 | D:6      | Reached skill level 1 in Invocations
  6340 | D:6      | Learned a level 2 spell: Call Imp
  6385 | D:6      | Killed Edmund
  6395 | D:6      | Reached skill level 1 in Fighting
  6643 | D:6      | Reached skill level 1 in Hexes
  6756 | D:6      | Killed Duvessa
  6757 | D:6      | Reached skill level 1 in Summonings
  6816 | D:7      | Reached skill level 8 in Fire Magic
  7058 | D:7      | Reached XP level 9. HP: 47/47 MP: 10/21
  8702 | D:6      | Killed Dowan
  8879 | D:6      | Learned a level 6 spell: Starburst
  9070 | D:6      | Killed an unseen horror
  9133 | D:6      | Reached skill level 9 in Fire Magic
  9141 | D:6      | Reached ** piety under Sif Muna
  9446 | D:6      | Reached skill level 5 in Stealth
  9446 | D:6      | Reached XP level 10. HP: 54/54 MP: 17/23
 10372 | D:8      | Reached skill level 5 in Dodging
 10679 | D:8      | Noticed a juvenile shockfire beast
 11058 | D:8      | Learned a level 3 spell: Stone Arrow
 11084 | D:8      | Reached *** piety under Sif Muna
 11560 | D:9      | Found the +7 Kryia's mail coat {PotionHeal*2 rC+}
 11686 | D:9      | Reached skill level 1 in Earth Magic
 12108 | D:9      | Reached skill level 5 in Invocations
 12937 | D:7      | Killed a juvenile shockfire beast
 13303 | D:8      | Reached XP level 11. HP: 60/60 MP: 13/25
 13310 | D:8      | Reached skill level 10 in Fire Magic
 13558 | D:8      | Identified the +0 leather armour of Defence {Dex+6}
 13748 | D:8      | Reached **** piety under Sif Muna
 14158 | D:10     | Entered Level 10 of the Dungeon
 14165 | D:10     | Noticed Grum
 14173 | D:10     | HP: 3/60 [orc priest/divine providence (9)]
 14174 | D:10     | Killed Grum
 15591 | D:10     | Found a staircase to the Lair.
 15851 | Lair:1   | Entered Level 1 of the Lair of Beasts
 16283 | Lair:1   | Slain by a komodo dragon

Illustrated notes

Levels and vault maps discovered:
D:1:      minmay_arrival_shoal_huts, layout_rooms, serial_forest,
          infiniplex_forest_straight_3, infiniplex_forest_straight_3,
          infiniplex_forest_corner_2, infiniplex_forest_straight_5,
          infiniplex_forest_clump_double, infiniplex_forest_pool,
          infiniplex_forest_clump_medium, infiniplex_forest_zigzag_2,
          infiniplex_forest_lined_3
D:2:      layout_basic, basic_altar, dk_noncrumbling_3, kennysheep_small_spiral,
          minmay_misc_feat_doors, grunt_ministairs_12, uniq_jessica
D:3:      layout_rooms, uniq_grinder
D:4:      layout_rooms, grunt_temple_overflow_diamond, minmay_temple_entry_hall,
          serial_glass, glass_columns_c, glass_columns_a, glass_columns_b,
          glass_columns_a, glass_columns_b, glass_columns_a, glass_columns_c,
          glass_columns_b, glass_columns_b, glass_columns_b, glass_columns_a,
          glass_columns_b, glass_columns_c, glass_columns_b
D:5:      layout_rooms, portal_sewer_entry_a
D:6:      kennysheep_windowed_halls, layout_loops_ring, nicolae_shop_gadgets,
          uniq_menkaure, uniq_edmund, uniq_duvessa
D:7:      layout_gridville
D:8:      layout_cave_pools, serial_gnoll_camp, gnoll_camp_mini_loothouse,
          gnoll_camp_huts_basic, gnoll_camp_medium_02, gnoll_camp_mini_doghouse,
          nicolae_beast_mode
D:9:      layout_stronghold, serial_column_ruins, column_ruins_columns_straight,
          column_ruins_columns_T, column_ruins_open_small,
          column_ruins_columns_straight, column_ruins_open_medium
D:10:     layout_loops_ring, erik_lair_orcish_takeover, minmay_nine_imps,
          uniq_grum
Temple:   nicolae_temple_bog_church
Lair:1:   layout_long_grid, beast_lair_carwin_2, infiniplex_staircase_pool_2

Skill      XL: |  1  2  3  4  5  6  7  8  9 10 11 |
---------------+----------------------------------+-----
Conjurations   | 2 4 5 6 7 8 9 |  9.8
Fire Magic     | 4 5 6 7 8 9 10 | 10.5
Spellcasting   | 4 5 6 7 8 |  8.7
Invocations    | 2 3 5 6 |  6.1
Stealth        | 3 5 6 |  6.4
Dodging        | 3 4 5 6 |  6.3
Fighting       | 1 2 3 4 |  4.4
Hexes          | 2 |  2.9
Summonings     | 1 3 4 |  4.6
Earth Magic    | 1 2 |  2.6

Action                     |  1- 3 |  4- 6 |  7- 9 | 10-12 || total
---------------------------+-------+-------+-------+-------++-------
  Melee: Dagger            |       |     2 |     7 |    40 ||    49
         Punch             |       |       |       |     1 ||     1
   Cast: Foxfire           |    56 |    82 |   121 |   170 ||   429
         Scorch            |     4 |    20 |    61 |    64 ||   149
         Inner Flame       |       |     3 |     5 |     9 ||    17
         Flame Wave        |       |     2 |    21 |    33 ||    56
         Volatile Blastmot |       |       |       |     2 ||     2
         Call Imp          |       |       |       |     3 ||     3
         Stone Arrow       |       |       |       |    11 ||    11
         Starburst         |       |       |       |    11 ||    11
 Invoke: Channel Magic     |       |       |       |     6 ||     6
  Evoke: Wand              |       |       |       |     1 ||     1
    Use: Scroll            |       |    13 |     3 |     6 ||    22
   Stab: Sleeping          |       |     1 |     1 |       ||     2
 Armour: Steam dragon scal |     1 |     8 |    26 |    96 ||   131
         Skin              |       |     1 |       |       ||     1
  Dodge: Dodged            |     4 |    18 |    31 |   117 ||   170
